 Dungeon Crawl Stone Soup version 0.32-a0-470-g255bbe2 (webtiles) character file.

Game seed: 11531239540384646563

8642 Remcycle the Severer (level 11, -3/89 HPs)
             Began as a Mountain Dwarf Fighter on Feb 24, 2024.
             Was a Priest of the Shining One.
             Slain by a freezing wraith (16 damage)
             ... led by a death knight
             ... on level 11 of the Dungeon.
             The game lasted 00:21:02 (9247 turns).

Remcycle the Severer (Mountain Dwarf Fighter)       Turns: 9247, Time: 00:21:04

Health: -3/89      AC: 20    Str: 26    XL:     11   Next: 12%
Magic:  11/11      EV: 10    Int:  9    God:    the Shining One [***...]
Gold:   903        SH:  4    Dex:  5    Spells: 10/10 levels left

rFire   . . .        t - +1 broad axe
rCold   . . .        c - +0 buckler
rNeg    + . .        o - +8 ring mail of the Abyss {Str+3 Dex-4 Slay+3}
rPois   .            r - +2 helmet
rElec   .            i - +0 cloak
rCorr   .            h - +0 pair of gloves
SInv    .            (no boots)
Will    +....        (no amulet) Stlth
                     g - +4 ring of slaying
HPRegen 0.34/turn    (no ring)
MPRegen 0.12/turn

%: no passive effects
@: mighty, slowed, glowing, very slow
A: runic magic, artefact enchanting
a: Renounce Religion, Divine Shield, Cleansing Flame


You were on level 11 of the Dungeon.
You worshipped the Shining One.
The Shining One was most pleased with you.
You visited 2 branches of the dungeon, and saw 12 of its levels.

You collected 903 gold pieces.

Inventory:

Hand Weapons
 t - a +1 broad axe (weapon)
Armour
 c - a +0 buckler (worn)
 h - a +0 pair of gloves (worn)
 i - a +0 cloak (worn)
 o - the +8 ring mail of the Abyss (worn) {Str+3 Dex-4 Slay+3}
   (You found it on level 4 of the Dungeon)

   Str+3:     It affects your strength (+3).
   Dex-4:     It affects your dexterity (-4).
   Slay+3:    It affects your accuracy & damage with ranged weapons and melee
   (+3).
 r - a +2 helmet (worn)
Jewellery
 g - a +4 ring of slaying (left hand)
 u - a ring of positive energy
Wands
 m - a wand of light (11)
 n - a wand of digging (7)
 p - a wand of flame (16)
 w - a wand of polymorph (7)
 A - a wand of charming (3)
Scrolls
 j - 2 scrolls of teleportation
 k - 5 scrolls of identify
 s - a scroll of fear
 y - a scroll of enchant armour
 z - 2 scrolls of noise {unknown}
 B - a scroll of amnesia {unknown}
Potions
 a - a potion of lignification
 b - a potion of enlightenment
 d - a potion of might
 e - a potion of heal wounds
 f - 3 potions of curing
 l - 2 potions of mutation
 q - 2 potions of berserk rage
 v - a potion of cancellation
 x - a potion of magic {unknown}
 C - a potion of brilliance {unknown}


   Skills:
 + Level 6.1 Fighting
 + Level 17.8 Axes
 + Level 6.1 Armour
 + Level 6.1 Shields


You had 10 spell levels left.
You didn't know any spells.
Your spell library contained the following spells:

 Spells                   Type           Power      Damage    Failure   Level
 Kiss of Death            Conj/Necr      0%         2d5       45%         1
 Ensorcelled Hibernation  Hex/Ice        0%         N/A       61%         2
 Confusing Touch          Hex            0%         N/A       83%         3
 Fugue of the Fallen      Necr           0%         N/A       83%         3
 Gell's Gravitas          Tloc           0%         N/A       83%         3
 Hailstorm                Conj/Ice       0%         3d5       83%         3
 Summon Ice Beast         Ice/Summ       0%         N/A       83%         3
 Teleport Other           Tloc           0%         N/A       83%         3
 Anguish                  Hex/Necr       0%         N/A       99%         4
 Dispel Undead            Necr           0%         3d6       99%         4
 Olgreb's Toxic Radiance  Alch           0%         N/A       99%         4
 Vhi's Electric Charge    Tloc/Air       0%         N/A       99%         4
 Arcjolt                  Conj/Air       0%         1d10      100%        5
 Dispersal                Tloc           0%         N/A       100%        6
 Plasma Beam              Fire/Air       0%         2x1d10    100%        6
 Sculpt Simulacrum        Ice/Alch       0%         N/A       100%        6
 Haunt                    Necr/Summ      0%         N/A       100%        7


Dungeon Overview and Level Annotations

Branches:
Dungeon (11/15)            Temple (1/1) D:4             Orc (0/2) D:9
   Lair: D:8-11

Altars:
Ashenzari
Cheibriados
Dithmenos
Elyvilon
Fedhas
Gozag
Hepliaklqana
Kikubaaqudgha
Makhleb
Nemelex Xobeh
Okawaru
Qazlal
Ru
Sif Muna
Trog
Uskayaw
Vehumet
Wu Jian
Xom
Yredelemnul
Zin
The Shining One

Shops:
D:5 **


Innate Abilities, Weirdness & Mutations

Your spellcasting is much less encumbered by armour.
You can use scrolls of enchantment on lesser artefacts.


Message History

You barely miss the skeletal warrior.
The skeletal warrior is moderately damaged.
You slash the skeletal warrior!
The skeletal warrior is heavily damaged.
The skeletal warrior hits you with a +0 flail.
The death knight offers itself to Yredelemnul, and fills with unholy energy.
You slice the skeletal warrior!!
The skeletal warrior is almost destroyed.
You slash the freezing wraith!
The skeletal warrior hits you but does no damage.
The death knight hits you from afar with a +0 glaive.
You block the freezing wraith's attack. The freezing wraith hits you!
The freezing wraith drains your vigour!
You feel yourself slow down.
You feel very mighty all of a sudden. The freezing wraith barely misses you.
The freezing wraith hits you but does no damage.
The skeletal warrior hits you with a +0 flail!
The death knight hits you from afar with a +0 glaive!!
You hit the skeletal warrior.
You destroy the skeletal warrior!
The Shining One accepts your kill.
You slash the freezing wraith! The freezing wraith closely misses you.
The freezing wraith hits you but does no damage.
The death knight hits you from afar with a +0 glaive!
* * * LOW HITPOINT WARNING * * *
You block the freezing wraith's attack.
The freezing wraith hits you but does no damage. x2
The freezing wraith misses you.
The death knight hits you from afar with a +0 glaive.
* * * LOW HITPOINT WARNING * * *
Your Fighting skill increases to level 6!
Your Armour skill increases to level 6!
You slash the freezing wraith!
The freezing wraith is lightly damaged.
You slash the freezing wraith! You block the freezing wraith's attack.
The freezing wraith hits you but does no damage.
The freezing wraith hits you!
* * * LOW HITPOINT WARNING * * *
The freezing wraith freezes you!
You die...

+.....#....#
#.....#....#
#.....#....#
.....#....#
....#....# ...#....#
#p.#....# #WW#....#
... #.@#....# ... .
#..'....#. .># .
#..#....#. #.#+###.
#..#....#.##.......
#..#....+.....##...
...#....#.....##...
....#....#.....[....
.###.#....#.........#
#. ..######.....##..#


You could see a death knight (reflects damage) and 2 freezing wraiths.

Vanquished Creatures
  A centaur warrior (D:10)
  The ghost of 9stopf the Trooper, a novice OnWr of Okawaru (D:7)
  A skeletal warrior (D:11)
  Pikel (D:6)
  2 manticores
  A hornet (D:8)
  2 wraiths
  A wyvern (D:9)
  A fire bat (D:6)
  2 steam dragons (D:8)
  2 acid dragons
  2 water moccasins
  3 ice beasts
  3 orc warriors
  3 sky beasts
  An ogre (D:5)
  The ghost of ooops the Insei, an amateur DsSh (D:6)
  4 centaurs
  The ghost of tlatlagkaus the Apothecary, an amateur OpAl (D:5)
  4 lemures (D:6)
  5 kobold brigands
  2 bullfrogs
  4 wights (D:9)
  4 scorpions
  19 killer bees
  A bombardier beetle (D:5)
  5 hounds
  2 jellies
  Crazy Yiuf (D:5)
  8 orc priests
  5 iguanas
  8 orc wizards
  Natasha (twice) (D:2)
  Terence (D:3)
  4 gnolls (D:3)
  8 adders
  2 river rats (D:6)
  A shadow imp (D:6)
  A white imp (D:6)
  4 dart slugs
  2 ribbon worms
  34 orcs
  8 bats
  4 endoplasms
  5 giant cockroaches
  7 goblins
  7 hobgoblins
  4 jackals (D:3)
  3 quokkas
  5 ball pythons
  4 frilled lizards
  26 kobolds
  3 rats
236 creatures vanquished.

Notes
Turn   | Place    | Note
-------+----------+-------------------------------------------
     0 | D:1      | Remcycle the Mountain Dwarf Fighter began the quest for the
                  | Orb.
     0 | D:1      | Reached XP level 1. HP: 19/19 MP: 1/1
    60 | D:1      | Reached skill level 3 in Axes
    82 | D:1      | Reached XP level 2. HP: 20/26 MP: 2/2
   375 | D:1      | Reached skill level 4 in Axes
   836 | D:1      | Reached XP level 3. HP: 31/31 MP: 3/3
   974 | D:2      | Found a faded altar of an unknown god.
  1077 | D:2      | Reached skill level 5 in Axes
  1164 | D:2      | You fall into a shaft and drop 2 floors!
  1171 | D:4      | Noticed a scorpion
  1187 | D:4      | Identified the +8 ring mail of the Abyss {Str+3 Dex-4
                  | Slay+3}
  1193 | D:4      | Killed a scorpion
  1194 | D:4      | Reached skill level 6 in Axes
  1194 | D:4      | Reached XP level 4. HP: 29/38 MP: 4/4
  1254 | D:4      | Found a staircase to the Ecumenical Temple.
  1260 | D:4      | Reached XP level 5. HP: 45/45 MP: 5/5
  1265 | Temple   | Entered the Ecumenical Temple
  1286 | Temple   | Became a worshipper of the Shining One
  1337 | D:3      | Noticed Terence
  1343 | D:3      | Killed Terence
  1418 | D:3      | Reached skill level 7 in Axes
  1934 | D:2      | Noticed Natasha
  1937 | D:2      | Killed Natasha
  1938 | D:2      | Reached XP level 6. HP: 51/51 MP: 6/6
  2129 | D:2      | Noticed Natasha
  2132 | D:2      | Killed Natasha
  2133 | D:2      | Reached skill level 8 in Axes
  2436 | D:3      | Found a white marble altar of Elyvilon.
  2806 | D:3      | Found a glowing silver altar of Zin.
  2806 | D:3      | Found a shadowy altar of Dithmenos.
  2824 | D:3      | Reached * piety under the Shining One
  3572 | D:4      | Found a hazy altar of Hepliaklqana.
  3599 | D:5      | Entered Level 5 of the Dungeon
  3609 | D:5      | Found a runed translucent door.
  3610 | D:5      | Noticed Crazy Yiuf
  3666 | D:5      | Reached skill level 9 in Axes
  3788 | D:5      | Noticed a water moccasin
  3794 | D:5      | Killed a water moccasin
  3795 | D:5      | Reached XP level 7. HP: 57/57 MP: 7/7
  3947 | D:5      | Found Lanluq's Neck Hole.
  3982 | D:5      | Found Miog's General Store.
  4239 | D:5      | Found a runed translucent door.
  4240 | D:5      | Noticed tlatlagkaus's ghost (amateur OpAl)
  4272 | D:5      | Reached skill level 10 in Axes
  4503 | D:5      | Killed Crazy Yiuf
  4571 | D:5      | Killed tlatlagkaus's ghost
  4576 | D:5      | Reached skill level 11 in Axes
  4643 | D:6      | Reached XP level 8. HP: 63/63 MP: 8/8
  4644 | D:6      | Found a runed translucent door.
  4696 | D:6      | Reached skill level 12 in Axes
  4705 | D:6      | Found a burning altar of Makhleb.
  4734 | D:6      | Noticed Pikel
  4759 | D:6      | Killed Pikel
  4760 | D:6      | Reached skill level 13 in Axes
  4835 | D:6      | Got Jyck's Tome of the Protean Legion
  5010 | D:6      | Found a runed translucent door.
  5013 | D:6      | Noticed ooops's ghost (amateur DsSh)
  5098 | D:6      | Reached skill level 14 in Axes
  5098 | D:6      | Reached XP level 9. HP: 70/70 MP: 9/9
  5173 | D:6      | Found a shimmering altar of Xom.
  5441 | D:6      | Found a radiant altar of Vehumet.
  5636 | D:6      | Killed ooops's ghost
  5668 | D:7      | Noticed 9stopf's ghost (novice OnWr)
  5691 | D:7      | Reached skill level 15 in Axes
  5695 | D:7      | Found an iron altar of Okawaru.
  5721 | D:7      | Found a broken altar of Ashenzari.
  5780 | D:7      | Found a shimmering blue altar of Sif Muna.
  5918 | D:7      | Found a runed translucent door.
  5928 | D:7      | Noticed a manticore
  5935 | D:7      | Killed a manticore
  5936 | D:7      | Reached skill level 16 in Axes
  6419 | D:7      | Found a snail-covered altar of Cheibriados.
  6678 | D:7      | Killed 9stopf's ghost
  6679 | D:7      | Reached skill level 17 in Axes
  6679 | D:7      | Reached XP level 10. HP: 77/77 MP: 10/10
  6750 | D:8      | Reached ** piety under the Shining One
  6852 | D:8      | Found an opulent altar of Gozag.
  6919 | D:8      | Found an ornate altar of the Wu Jian Council.
  6967 | D:8      | Identified the +1 leather armour "Zukogrem" {rElec rC+
                  | Str+3 Stlth-}
  7321 | D:8      | Found a hide-covered altar of Uskayaw.
  7360 | D:9      | Found an ancient bone altar of Kikubaaqudgha.
  8000 | D:9      | Reached skill level 5 in Fighting
  8000 | D:9      | Reached skill level 5 in Shields
  8026 | D:9      | Reached skill level 5 in Armour
  8260 | D:9      | Found a staircase to the Orcish Mines.
  8340 | D:10     | Entered Level 10 of the Dungeon
  8340 | D:10     | Reached *** piety under the Shining One
  8537 | D:10     | Noticed a centaur warrior
  8541 | D:10     | Killed a centaur warrior
  8796 | D:10     | Reached XP level 11. HP: 82/89 MP: 11/11
  9236 | D:11     | Noticed a skeletal warrior
  9237 | D:11     | Noticed a death knight
  9246 | D:11     | Killed a skeletal warrior
  9247 | D:11     | Slain by a freezing wraith

Illustrated notes

Levels and vault maps discovered:
D:1:      erik_arrival_blinker_ship, layout_basic
D:2:      layout_loops_ring, dreamdust_ecumenical_altar_angels_and_demons,
          uniq_natasha
D:3:      layout_basic, lemuel_doored_altar, nicolae_overflow_two_pavilions,
          uniq_terence
D:4:      layout_basic, nzn_hepliaklqana_mist_gate,
          minmay_temple_entry_proselytizer, minmay_misc_feat_five
D:5:      layout_gridville, serial_shops, nicolae_shop_hallway_plus,
          ebering_ghost_inner_flame, minivault_5,
          nicolae_shop_sticking_my_neck_out, uniq_crazy_yiuf_cottage
D:6:      layout_basic, mainiacjoe_overflow_paths, regret_index_xom_of_box,
          fiery_altar_vehumet, ebering_ghost_sewer_f, uniq_pikel
D:7:      layout_basic, okawaru_gym_becter, ashenzari_altar_1, led_sif_pool,
          cheibrodos_worm_habitat, hellmonk_ghost_happy_afterlife
D:8:      layout_rooms, mainiacjoe_overflow_alcove_4,
          nicolae_gozag_cash_rules_everything_around_me,
          nicolae_wu_jian_wuxing_cycle, chequers_serial_rivers_marsh,
          hangedman_glass_teeth
D:9:      layout_roguey, general_overflow_altar, hiddenorc1_lemuel
D:10:     layout_small_grid
D:11:     layout_stronghold, erik_lair_orcish_takeover,
          nicolae_trove_entry_crystal
Temple:   nicolae_temple_bog_church

Skill      XL: |  1  2  3  4  5  6  7  8  9 10 11 |
---------------+----------------------------------+-----
Axes           | 3 4 6 7 9 11 14 17 | 17.8
Shields        | 5 6 |  6.1
Armour         | 5 6 |  6.1
Fighting       | 5 6 |  6.1

Action                     |  1- 3 |  4- 6 |  7- 9 | 10-12 || total
---------------------------+-------+-------+-------+-------++-------
  Melee: War axe           |    85 |   108 |    92 |       ||   285
         Broad axe         |       |       |    67 |   166 ||   233
    Use: Potion            |       |     1 |       |     1 ||     2
         Scroll            |       |     9 |     3 |     5 ||    17
 Armour: Scale mail        |    66 |       |       |       ||    66
         Ring mail         |       |    61 |    85 |   119 ||   265
  Dodge: Dodged            |    47 |    46 |    56 |    85 ||   234
  Block: Buckler           |    15 |    17 |    18 |    29 ||    79

Table legend: (Time is in decaauts)
 A = Elapsed time spent in this place.
 B = Non-inter-level travel time spent in this place.
 C = Inter-level travel time spent in this place.
 D = Time resting spent in this place.
 E = Time spent auto-exploring this place.
 F = Levels seen in this place.
 G = Mean time per level.
                   A        B        C        D        E       F      G
               +--------+--------+--------+--------+--------+-----+--------+
         Total |   9254 |   8959 |    295 |    443 |   7135 |  12 |  771.2 |
       Dungeon |   9209 |   8956 |    253 |    443 |   7135 |  11 |  837.2 |
        Temple |     45 |      3 |     42 |      0 |      0 |   1 |   45.0 |
               +--------+--------+--------+--------+--------+-----+--------+

Top non-repeatable levels by time:
     D:7: 1051 daAuts
     D:3: 1045 daAuts
     D:6: 1035 daAuts
     D:5: 1012 daAuts
     D:9: 968 daAuts
     D:1: 959 daAuts
     D:2: 811 daAuts
     D:4: 783 daAuts
    D:10: 650 daAuts
     D:8: 642 daAuts
    D:11: 249 daAuts
  Temple: 45 daAuts
